 Dungeon Crawl Stone Soup version 0.27-a0-1137-g3ef0f4ec91 (webtiles) character file.

Game seed: 17800077653287407118

359 Mgcat the Magician (level 6, -9/46 HPs)
             Began as a Djinni Conjurer on May 6, 2021.
             Killed by divine providence
             ... invoked by an orc priest
              (13 damage)
             ... on level 4 of the Dungeon.
             The game lasted 00:04:46 (3688 turns).

Mgcat the Magician (Djinni Conjurer)                Turns: 3688, Time: 00:04:47

Health: -9/46      AC:  4    Str:  6    XL:     6   Next: 65%
Gold:   141        EV: 12    Int: 22    God:
                   SH:  5    Dex: 11

rFire    + + .     SeeInvis .   u - +2 dagger (elec)
rCold    x . .     Faith    .   (no shield)
rNeg     . . .     Spirit   .   a - +0 robe
rPois    ∞         Reflect  +   (no helmet)
rElec    .         Harm     .   j - +0 cloak
rCorr    .         Rampage  .   t - +0 pair of gloves
Will     .....                  (boots unavailable)
Stlth    ++........             m - amulet of reflection
HPRegen  0.15/turn              (no ring)
MPRegen  0.00/turn              (no ring)

@: flying
A: sickness immunity, fire resistance 2, cold vulnerability 1, float, innate
caster, hp casting, extra vitality 1
a: no special abilities


You were on level 4 of the Dungeon.
You visited 1 branch of the dungeon, and saw 4 of its levels.

You collected 141 gold pieces.

Inventory:

Hand Weapons
 u - a +2 dagger of electrocution (weapon)
   (You took it off an orc on level 4 of the Dungeon)
Missiles
 n - 3 atropa-tipped darts
Armour
 a - a +0 robe (worn)
 j - a +0 cloak (worn)
   (You found it on level 2 of the Dungeon)
 t - a +0 pair of gloves (worn)
   (You found it on level 4 of the Dungeon)
Jewellery
 h - a ring of wizardry {Wiz+, !d}
   (You found it on level 4 of the Dungeon)
 m - an amulet of reflection (around neck)
   (You took it off a goblin on level 3 of the Dungeon)
Wands
 q - a wand of iceblast (5)
   (You took it off a goblin on level 3 of the Dungeon)
Scrolls
 b - a scroll of identify {unknown}
 d - 2 scrolls of vulnerability {unknown}
 e - a scroll of enchant weapon {unknown}
 f - 2 scrolls of noise {unknown}
 k - a scroll of fog {unknown}
 l - a scroll of torment {unknown}
 o - a scroll of holy word {unknown}
 p - 2 scrolls of brand weapon {unknown}
 s - a scroll of immolation {unknown}
Potions
 c - 2 potions of attraction {unknown}
 g - a potion of heal wounds {unknown}
 i - 2 potions of might {unknown}
 r - a potion of resistance {unknown}


   Skills:
 + Level 3.1 Fighting
 - Level 2.1 Dodging
 - Level 3.0 Stealth
 * Level 5.4 Spellcasting


You couldn't memorise any spells.
You knew the following spells:

 Your Spells              Type           Power      Damage    Failure   Level
a - Magic Dart            Conj           100%       1d8       1%          1
b - Searing Ray           Conj           60%        3d5       1%          2
c - Dazzling Flash        Conj/Hex       60%        N/A       3%          3
d - Fulminant Prism       Conj/Hex       15%        3d11      10%         4
e - Iskenderun's Mystic   Conj/Tloc      30%        2d8       10%         4
f - Foxfire               Conj/Fire      100%       2x1d9     1%          1
g - Call Imp              Summ           30%        N/A       1%          2
Your spell library was empty.

Dungeon Overview and Level Annotations

Branches:
Dungeon (4/15)
 Temple: D:4-7

Altars:
Zin

Shops:
D:3 !

Annotations:
D:2 1 runed translucent door, Crazy Yiuf
D:3 Ijyb


Innate Abilities, Weirdness & Mutations

You are immune to sickness and miasma.
You are immune to poison.
Your flesh is very heat resistant. (rF++)
You are vulnerable to cold. (rC-)
You float through the air rather than walking.
You learn spells naturally, not from books.
Your magical power is your life essence.
You have superior vitality. (+4 HP)


Message History

You take 1 damage, and have 44/46 hp.
Spoiler Alert: The orc priest can smite you!
Casting: Magic Dart (safe; 1% risk of failure)
Confirm with . or Enter, or press ? or * to list all spells.
Aiming: Magic Dart (safe; 1% risk of failure)
Press: ? - help, Shift-Dir - straight line, f - orc priest
Aim: an orc priest, wielding a +0 hand axe and wearing a +0 chain mail (100% to hit)
The magic dart hits the orc priest but does no damage.
You take 1 damage, and have 43/46 hp.
Spoiler Alert: The orc priest can smite you!
Casting: Magic Dart (safe; 1% risk of failure)
Confirm with . or Enter, or press ? or * to list all spells.
Aiming: Magic Dart (safe; 1% risk of failure)
Press: ? - help, Shift-Dir - straight line, f/p - orc priest
Aim: an orc priest, wielding a +0 hand axe and wearing a +0 chain mail (100% to hit)
The magic dart hits the orc priest but does no damage.
You take 1 damage, and have 42/46 hp.
Spoiler Alert: The orc priest can smite you!
Casting: Magic Dart (safe; 1% risk of failure)
Confirm with . or Enter, or press ? or * to list all spells.
Aiming: Magic Dart (safe; 1% risk of failure)
Press: ? - help, Shift-Dir - straight line, f/p - orc priest
Aim: an orc priest, wielding a +0 hand axe and wearing a +0 chain mail (100% to hit)
The magic dart hits the orc priest but does no damage.
An orc comes into view. It is wielding a +0 club.
The orc priest barely misses you.
You take 1 damage, and have 41/46 hp.
Spoiler Alert: The orc priest can smite you!
Casting: Magic Dart (safe; 1% risk of failure)
Confirm with . or Enter, or press ? or * to list all spells.
Aiming: Magic Dart (safe; 1% risk of failure)
Press: ? - help, Shift-Dir - straight line, f/p - orc priest
Aim: an orc priest, wielding a +0 hand axe and wearing a +0 chain mail (100% to hit)
The magic dart hits the orc priest but does no damage.
The orc priest closely misses you.
You take 1 damage, and have 40/46 hp.
Spoiler Alert: The orc priest can smite you!
Casting: Magic Dart (safe; 1% risk of failure)
Confirm with . or Enter, or press ? or * to list all spells.
Aiming: Magic Dart (safe; 1% risk of failure)
Press: ? - help, Shift-Dir - straight line, f/p - orc priest
Aim: an orc priest, wielding a +0 hand axe and wearing a +0 chain mail (100% to hit)
The magic dart hits the orc priest but does no damage.
The orc priest calls down the wrath of Beogh upon you.
Beogh smites you!
You take 18 damage, and have 22/46 hp.
MASSIVE DAMAGE!!
Spoiler Alert: The orc priest can smite you!
Casting: Magic Dart (safe; 1% risk of failure)
Confirm with . or Enter, or press ? or * to list all spells.
Aiming: Magic Dart (safe; 1% risk of failure)
Press: ? - help, Shift-Dir - straight line, f/p - orc priest
Aim: an orc priest, wielding a +0 hand axe and wearing a +0 chain mail (100% to hit)
The magic dart hits the orc priest.
The orc priest is lightly wounded.
Spoiler Alert: The orc priest can smite you!
Casting: Magic Dart (safe; 1% risk of failure)
Confirm with . or Enter, or press ? or * to list all spells.
Aiming: Magic Dart (safe; 1% risk of failure)
Press: ? - help, Shift-Dir - straight line, f/p - orc priest
Aim: an orc priest, wielding a +0 hand axe and wearing a +0 chain mail (lightly wounded, 100% to hit)
The magic dart hits the orc priest but does no damage.
The orc priest is lightly wounded.
The orc priest misses you.
An orc priest comes into view. It is wielding a +0 mace.
You take 1 damage, and have 21/46 hp.
Warning x2: The orc priest can smite you! x2
An orc comes into view. It is wielding a +0 whip.
The orc shouts!
You block the orc's attack.
The orc priest calls down the wrath of Beogh upon you.
Beogh smites you!
* * * LOW HITPOINT WARNING * * *
You take 16 damage, and have 7/46 hp.
MASSIVE DAMAGE!!
Warning x2: The orc priest can smite you! x2
Casting: Magic Dart (safe; 1% risk of failure)
Confirm with . or Enter, or press ? or * to list all spells.
Aiming: Searing Ray (safe; 1% risk of failure)
Press: ? - help, Shift-Dir - straight line, f/p - orc priest
Aim: an orc priest, wielding a +0 hand axe and wearing a +0 chain mail (lightly wounded, 85% to hit)
The searing ray hits the orc!
You kill the orc!
The searing ray hits the orc priest.
The orc priest is heavily wounded. (Press . to maintain the ray.)
* * * LOW HITPOINT WARNING * * *
The orc priest looks braver for a moment.
You take 2 damage, and have 5/46 hp.
Warning x2: The orc priest can smite you! x2
The searing ray hits the orc priest.
The orc priest is almost dead.
* * * LOW HITPOINT WARNING * * *
You take 1 damage, and have 4/46 hp.
The searing ray hits the orc priest!
You kill the orc priest!
* * * LOW HITPOINT WARNING * * *
You take 1 damage, and have 3/46 hp.
Spoiler Alert: The orc priest can smite you!
The orc priest invokes the aid of Beogh against you.
Beogh smites you!
You die...

.#.#...........#
.#.########.#..#
.#.............#
.##########.#..##
. .........#...#
##########)..##
#.#..#
#.#..##########
#.#.@..........
..##...........
####...........
#.#.........
#.o..######
##)#.# #o#.#
#...# #######..#


You could see an orc priest and an orc.

Vanquished Creatures
  A scorpion (D:3)
  A jelly (D:3)
  2 orc priests
  A hound (D:4)
  An orc wizard (D:4)
  4 adders
  4 gnolls (D:3)
  2 worms
  A dart slug (D:4)
  10 orcs
  4 endoplasms
  3 giant cockroaches (D:3)
  8 goblins
  6 hobgoblins
  6 jackals
  5 kobolds
  3 quokkas
  7 ball pythons
  7 frilled lizards
  2 rats (D:1)
78 creatures vanquished.

Notes
Turn   | Place    | Note
-------+----------+-------------------------------------------
     0 | D:1      | Mgcat the Djinni Conjurer began the quest for the Orb.
     0 | D:1      | Reached XP level 1. HP: 15/15 MP: 0/0
   101 | D:1      | Reached XP level 2. HP: 12/22 MP: 0/0
   396 | D:1      | Reached skill level 1 in Fighting
   396 | D:1      | Reached skill level 4 in Spellcasting
   869 | D:2      | Found a glowing silver altar of Zin.
  1057 | D:2      | Reached XP level 3. HP: 18/27 MP: 0/0
  1057 | D:2      | Learned a level 1 spell: Foxfire
  1268 | D:2      | Found a runed translucent door.
  1269 | D:2      | Noticed Crazy Yiuf
  1329 | D:2      | You are sucked into a shaft and drop 1 floor!
  1341 | D:3      | Found Vikkabia's Distillery.
  1347 | D:3      | Noticed Ijyb
  1548 | D:2      | Reached skill level 2 in Stealth
  1548 | D:2      | Reached XP level 4. HP: 26/33 MP: 0/0
  1662 | D:2      | Found a faded altar of an unknown god.
  1884 | D:3      | Reached skill level 2 in Fighting
  2170 | D:3      | Noticed a scorpion
  2176 | D:3      | Killed a scorpion
  2177 | D:3      | Reached XP level 5. HP: 20/39 MP: 0/0
  2177 | D:3      | Learned a level 2 spell: Call Imp
  2594 | D:3      | Reached skill level 5 in Spellcasting
  2762 | D:3      | Reached XP level 6. HP: 40/45 MP: 0/0
  3245 | D:4      | HP: 10/45 [orc/+2 dagger of electrocution (14)]
  3248 | D:4      | Reached skill level 3 in Stealth
  3594 | D:4      | Reached skill level 3 in Fighting
  3681 | D:4      | HP: 7/46 [orc priest/divine providence (16)]
  3688 | D:4      | Killed from afar by an orc priest

Illustrated notes

Levels and vault maps discovered:
D:1:      tarquinn_simple_flora_water_c, layout_loops_ring
D:2:      minmay_angry_zag, layout_basic,
          hellmonk_ecumenical_altar_inner_sanctum, basic_altar,
          uniq_crazy_yiuf_cottage
D:3:      layout_loops_ring, serial_shops, nicolae_shop_stone,
          minmay_starry_boxes, uniq_ijyb
D:4:      layout_basic

Skill      XL: |  1  2  3  4  5  6 |
---------------+-------------------+-----
Fighting       | 1 2 3 |  3.1
Spellcasting   | 4 5 |  5.4
Stealth        | 2 3 |  3.0
Dodging        | |  2.1

Action                   |  1- 3 |  4- 6 || total
-------------------------+-------+-------++-------
 Cast: Magic Dart        |    79 |    95 ||   174
       Searing Ray       |     1 |     8 ||     9
Armor: Robe              |     1 |     2 ||     3
Dodge: Dodged            |     4 |    13 ||    17
Block: Other             |       |     1 ||     1

Table legend: (Time is in decaauts)
 A = Elapsed time spent in this place.
 B = Non-inter-level travel time spent in this place.
 C = Inter-level travel time spent in this place.
 D = Time resting spent in this place.
 E = Time spent auto-exploring this place.
 F = Levels seen in this place.
 G = Mean time per level.
                   A        B        C        D        E       F      G
               +--------+--------+--------+--------+--------+-----+--------+
         Total |   3687 |   3592 |     95 |    407 |   2769 |   4 |  921.8 |
       Dungeon |   3687 |   3592 |     95 |    407 |   2769 |   4 |  921.8 |
               +--------+--------+--------+--------+--------+-----+--------+

Top non-repeatable levels by time:
     D:3: 1672 daAuts
     D:2: 875 daAuts
     D:1: 826 daAuts
     D:4: 313 daAuts

Table legend:
 A = Kills in this place as a percentage of kills in entire the game.
 B = Kills by you in this place as a percentage of kills by you in the entire game.
 C = Kills by friends in this place as a percentage of kills by friends in the entire game.
 D = Other kills in this place as a percentage of other kills in the entire game.
 E = Experience gained in this place as a percentage of experience gained in the entire game.
 F = Experience gained in this place divided by the number of levels of this place that you have seen.
                   A       B       C       D       E      F
               +-------+-------+-------+-------+-------+----------------------
         Total | 100.0 | 100.0 |   N/A |   N/A | 100.0 | 128.5
       Dungeon | 100.0 | 100.0 |   N/A |   N/A | 100.0 | 128.5
               +-------+-------+-------+-------+-------+----------------------
